 Dungeon Crawl Stone Soup version 0.28-a0-845-gfc338a8e3c (webtiles) character file.

Game seed: 5545876340587949858

1025 siradein the Insei (level 8, -3/60 HPs)
             Began as a Gnoll Transmuter on Nov 13, 2021.
             Was a Follower of Uskayaw.
             Slain by a hobgoblin (10 damage)
             ... on level 6 of the Dungeon.
             The game lasted 00:14:37 (8293 turns).

siradein the Insei (Gnoll Transmuter)               Turns: 8293, Time: 00:14:37

Health: -3/60      AC:  4    Str: 11    XL:     8   Next: 23%
Magic:  16/16      EV: 13    Int: 13    God:    Uskayaw [*.....]
Gold:   221        SH:  0    Dex: 13    Spells: 8/18 levels left

rFire   . . .      SeeInvis .   A - +2 dagger (venom)
rCold   . . .      Faith    .   (no shield)
rNeg    . . .      Spirit   .   r - +0 leather armour
rPois   .          Reflect  .   (helmet currently unavailable)
rElec   .          Harm     .   c - +0 cloak
rCorr   .          Rampage  .   (no gloves)
Will    .....                   (boots currently unavailable)
Stlth   ++........              (no amulet)
HPRegen 0.20/turn               j - ring of flight
MPRegen 0.15/turn               (no ring)

@: appendages (expiring), flying
A: horns 2, talons 2, fangs 1, strong nose, distributed training
a: End Transformation, Renounce Religion, Stomp


You were on level 6 of the Dungeon.
You worshipped Uskayaw.
Uskayaw was noncommittal.
You had temporarily grown beastly horns and talons.
You visited 2 branches of the dungeon, and saw 7 of its levels.

You collected 221 gold pieces.

Inventory:

Hand Weapons
 A - a +2 dagger of venom (weapon)
Missiles
 f - 6 boomerangs
 i - 283 stones
 v - 11 poisoned darts
 y - a throwing net
Armour
 c - a +0 cloak (worn)
 m - a +0 pair of boots (melded)
 r - a +0 leather armour (worn)
Jewellery
 j - a ring of flight (left hand)
Wands
 w - a wand of paralysis (8)
Scrolls
 b - 2 scrolls of teleportation {unknown}
 e - a scroll of enchant armour {unknown}
 k - a scroll of blinking {unknown}
 n - 3 scrolls of identify {unknown}
 o - 2 scrolls of silence {unknown}
 p - a scroll of vulnerability {unknown}
 q - 2 scrolls of enchant weapon {unknown}
 s - 2 scrolls of brand weapon {unknown}
 t - a scroll of noise {unknown}
 u - a scroll of amnesia {unknown}
Potions
 a - a potion of lignification {unknown}
 d - a potion of attraction {unknown}
 g - 4 potions of mutation {unknown}
 h - a potion of brilliance {unknown}
 l - a potion of degeneration {unknown}
 x - a potion of might {unknown}
 z - 2 potions of flight {unknown}
 B - a potion of curing {unknown}


   Skills:
 + Level 4.0 Fighting
 + Level 3.1 Short Blades
 + Level 3.1 Long Blades
 + Level 3.1 Axes
 + Level 3.1 Maces & Flails
 + Level 3.1 Polearms
 + Level 3.1 Staves
 + Level 3.1 Slings
 + Level 3.1 Bows
 + Level 3.1 Crossbows
 + Level 3.1 Throwing
 + Level 3.1 Armour
 + Level 5.5 Dodging
 + Level 3.1 Stealth
 + Level 3.1 Shields
 + Level 7.3 Unarmed Combat
 + Level 5.9 Spellcasting
 + Level 2.5 Conjurations
 + Level 2.5 Hexes
 + Level 2.5 Summonings
 + Level 2.5 Necromancy
 + Level 2.5 Translocations
 + Level 4.6 Transmutations
 + Level 2.5 Fire Magic
 + Level 2.5 Ice Magic
 + Level 2.5 Air Magic
 + Level 2.5 Earth Magic
 + Level 2.5 Poison Magic
 + Level 3.4 Invocations
 + Level 3.1 Evocations


You had 8 spell levels left.
You knew the following spells:

 Your Spells              Type           Power      Damage    Failure   Level
a - Beastly Appendage     Tmut           30%        N/A       3%          1
b - Wereblood             Tmut           15%        N/A       4%          2
c - Spider Form           Tmut/Pois      13%        N/A       16%         3
d - Ice Form              Ice/Tmut       13%        N/A       45%         4

Your spell library contained the following spells:

 Spells                   Type           Power      Damage    Failure   Level
 Magic Dart               Conj           40%        1d5       8%          1
 Ignite Poison            Fire/Tmut/Pois 12%        N/A       17%         3
 Mephitic Cloud           Conj/Pois/Air  10%        N/A       24%         3
 Freezing Cloud           Conj/Ice/Air   5%         6-21      91%         5


Dungeon Overview and Level Annotations

Branches:
Dungeon (6/15)             Temple (1/1) D:4

Altars:
Cheibriados
Dithmenos
Elyvilon
Fedhas
Gozag
Hepliaklqana
Kikubaaqudgha
Makhleb
Okawaru
Qazlal
Ru
Sif Muna
Trog
Uskayaw
Vehumet
Wu Jian
Yredelemnul
Zin
The Shining One

Shops:
D:3 ([[   D:5 (

Annotations:
D:2 1 runed translucent door, Crazy Yiuf
D:3 2 transporters, sojurn's ghost, amateur MiBe


Innate Abilities, Weirdness & Mutations

You have temporarily grown beastly horns and talons.
You have very sharp teeth.
Your uncanny sense of smell can sniff out nearby items.
Your experience applies equally to all skills.


Message History

The hobgoblin barely misses you.
The hobgoblin shouts!
Casting: Beastly Appendage (safe; 3% risk of failure)
Confirm with . or Enter, or press ? or * to list all spells.
You don't know that spell.
The hobgoblin barely misses you. x2
You closely miss the hobgoblin. The hobgoblin closely misses you.
The hobgoblin misses you. x2
Casting: Beastly Appendage (safe; 3% risk of failure)
Confirm with . or Enter, or press ? or * to list all spells.
You grow a pair of large bovine horns.
Your feet morph into talons.
Your +0 pair of boots melds into your body.
The hobgoblin closely misses you.
The hobgoblin hits you but does no damage.
The hobgoblin hits you from afar with a +0 scythe!
You barely miss the hobgoblin. The hobgoblin barely misses you.
You hit the hobgoblin.
The hobgoblin is poisoned.
The hobgoblin is moderately wounded.
The hobgoblin barely misses you. The hobgoblin closely misses you. x2
You hit the hobgoblin. You headbutt the hobgoblin.
You kill the hobgoblin!
The hobgoblin barely misses you.
The hobgoblin hits you from afar with a +0 scythe!
The hobgoblin hits you from afar with a +0 scythe!
The hobgoblin closely misses you. The hobgoblin barely misses you.
The hobgoblin misses you. The hobgoblin closely misses you.
Things that are here:
a +0 scythe; a +0 robe The hobgoblin closely misses you.
The hobgoblin misses you.
There is an open door here.
Your transformation is almost over.
The hobgoblin closely misses you. The hobgoblin misses you.
The hobgoblin hits you from afar with a +0 scythe!
The hobgoblin barely misses you.
The hobgoblin hits you from afar with a +0 scythe!
* * * LOW HITPOINT WARNING * * *
The hobgoblin barely misses you.
The hobgoblin hits you from afar with a +0 scythe!
You die...

##########
#...@....##########
#........#........#
#...gg...'........#
#.g.g>...#........#
#.....g..##########
#####'###)........#
#......#.........#
#......#........>#
#......#.........#
#


You could see 5 hobgoblins.

Vanquished Creatures
  A black bear (D:5)
  An ogre (D:6)
  A bullfrog (D:4)
  A gnoll sergeant (D:5)
  A scorpion (D:5)
  A water moccasin skeleton (D:6)
  2 bullfrog zombies
  3 hounds
  A centaur skeleton (D:4)
  2 iguanas
  3 orc wizards
  2 killer bee zombies (D:5)
  A hound skeleton (D:4)
  9 gnolls
  6 adders
  An adder skeleton (D:5)
  A worm (D:2)
  2 dart slugs (D:4)
  15 orcs
  7 endoplasms
  5 giant cockroaches
  6 goblins
  5 hobgoblins
  4 jackals (D:1)
  4 quokkas
  9 ball pythons
  3 bats
  5 frilled lizards
  8 kobolds
  8 rats
118 creatures vanquished.

Vanquished Creatures (others)
  2 fungi (D:2)
  23 plants
25 creatures vanquished.

Grand Total: 143 creatures vanquished

Notes
Turn   | Place    | Note
-------+----------+-------------------------------------------
     0 | D:1      | siradein the Gnoll Transmuter began the quest for the Orb.
     0 | D:1      | Reached XP level 1. HP: 17/17 MP: 6/6
    54 | D:1      | Reached XP level 2. HP: 23/23 MP: 7/7
    58 | D:1      | Learned a level 2 spell: Wereblood
   654 | D:1      | Reached XP level 3. HP: 27/28 MP: 7/9
   685 | D:1      | Reached skill level 5 in Spellcasting
  1451 | D:2      | Reached skill level 1 in Invocations
  1904 | D:2      | Reached skill level 1 in Short Blades
  1904 | D:2      | Reached skill level 1 in Long Blades
  1904 | D:2      | Reached skill level 1 in Axes
  1904 | D:2      | Reached skill level 1 in Maces & Flails
  1904 | D:2      | Reached skill level 1 in Polearms
  1904 | D:2      | Reached skill level 1 in Staves
  1904 | D:2      | Reached skill level 1 in Slings
  1904 | D:2      | Reached skill level 1 in Bows
  1904 | D:2      | Reached skill level 1 in Crossbows
  1904 | D:2      | Reached skill level 1 in Throwing
  1904 | D:2      | Reached skill level 1 in Armour
  1904 | D:2      | Reached skill level 1 in Stealth
  1904 | D:2      | Reached skill level 1 in Shields
  1904 | D:2      | Reached skill level 1 in Evocations
  1918 | D:2      | Learned a level 3 spell: Spider Form
  2282 | D:2      | Reached XP level 4. HP: 32/34 MP: 9/11
  2541 | D:2      | Found a runed translucent door.
  2542 | D:2      | Noticed Crazy Yiuf
  2637 | D:3      | Found Pumom's Antique Armour Emporium.
  2681 | D:3      | Found a transporter.
  2682 | D:3      | Noticed sojurn's ghost (amateur MiBe)
  2685 | D:3      | Found Qefaliys's Magic Scroll Shop.
  2699 | D:3      | Found a bloodstained altar of Trog.
  2723 | D:3      | Found an iron altar of Okawaru.
  2812 | D:3      | Found Munun's Antique Armour Shoppe.
  2880 | D:3      | Reached skill level 1 in Conjurations
  2880 | D:3      | Reached skill level 1 in Hexes
  2880 | D:3      | Reached skill level 1 in Summonings
  2880 | D:3      | Reached skill level 1 in Necromancy
  2880 | D:3      | Reached skill level 1 in Translocations
  2880 | D:3      | Reached skill level 1 in Fire Magic
  2880 | D:3      | Reached skill level 1 in Ice Magic
  2880 | D:3      | Reached skill level 1 in Air Magic
  2880 | D:3      | Reached skill level 1 in Earth Magic
  2880 | D:3      | Reached skill level 1 in Poison Magic
  2891 | D:3      | Learned a level 4 spell: Ice Form
  2992 | D:3      | Found Rushow's Weapon Shoppe.
  3017 | D:3      | Reached XP level 5. HP: 16/40 MP: 10/12
  3486 | D:3      | Identified the +8 great mace "Lucoj" {vamp, *Corrode Will+
                  | Dex+4}
  3486 | D:3      | Noticed an ogre
  3488 | D:3      | Noticed an ogre
  3488 | D:3      | Noticed an ogre
  3495 | D:3      | Found a transporter.
  4005 | D:4      | Found a staircase to the Ecumenical Temple.
  4014 | Temple   | Entered the Ecumenical Temple
  4084 | Temple   | Became a worshipper of Uskayaw the Reveller
  4104 | D:4      | Reached * piety under Uskayaw
  4108 | D:4      | Reached ** piety under Uskayaw
  4112 | D:4      | Reached XP level 6. HP: 10/47 MP: 10/14
  4442 | D:4      | Reached skill level 5 in Dodging
  4919 | D:4      | Found a shimmering blue altar of Sif Muna.
  4919 | D:4      | Found an ancient bone altar of Kikubaaqudgha.
  4921 | D:4      | Found a radiant altar of Vehumet.
  4926 | D:4      | Got Vehumet's Grimoire of Attacks
  5097 | D:5      | Entered Level 5 of the Dungeon
  5097 | D:5      | Found Teiply's Weapon Shop.
  5102 | D:5      | Noticed a black bear
  5111 | D:5      | Killed a black bear
  5312 | D:5      | Reached XP level 7. HP: 52/52 MP: 13/15
  5348 | D:5      | Found a glowing silver altar of Zin.
  5653 | D:5      | Reached *** piety under Uskayaw
  5655 | D:5      | Reached skill level 7 in Unarmed Combat
  5656 | D:5      | Reached **** piety under Uskayaw
  7459 | D:5      | Reached XP level 8. HP: 38/60 MP: 16/16
  8293 | D:6      | Slain by a hobgoblin

Illustrated notes

Levels and vault maps discovered:
D:1:      wander_arrival_peaceful_grave, layout_basic, serial_forest,
          infiniplex_forest_straight_2, infiniplex_forest_lined_room_,
          infiniplex_forest_split, infiniplex_forest_lined_2,
          infiniplex_forest_lined_ring, infiniplex_forest_straight_2,
          infiniplex_forest_split, grunt_decor_junction
D:2:      layout_loops_ring, minmay_misc_feat_rugged, minivault_19,
          minmay_misc_feat_hallway, uniq_crazy_yiuf_cottage
D:3:      layout_basic, mainiacjoe_overflow_catwalk, bloody_trog,
          gammafunk_ghost_smash, serial_shops, shop, nicolae_shop_behind_doors,
          shop, shop
D:4:      layout_loops_ring, grunt_temple_overflow_magic_moments,
          minmay_temple_entry_trees
D:5:      layout_basic, mainiacjoe_overflow_paths, serial_shops, shop,
          serial_bayou, serial_bayou_ford_a, serial_bayou_lagoon_a,
          serial_bayou_pond_c, serial_bayou_pond_e, serial_bayou_shore_b,
          serial_bayou_lake_a
D:6:      layout_gridville, sigmund_army
Temple:   cyrus_circular_temple

Skill      XL: |  1  2  3  4  5  6  7  8 |
---------------+-------------------------+-----
Spellcasting   | 5 |  5.9
Invocations    | 1 2 3 |  3.4
Short Blades   | 1 2 3 |  3.1
Long Blades    | 1 2 3 |  3.1
Axes           | 1 2 3 |  3.1
Maces & Flails | 1 2 3 |  3.1
Polearms       | 1 2 3 |  3.1
Staves         | 1 2 3 |  3.1
Slings         | 1 2 3 |  3.1
Bows           | 1 2 3 |  3.1
Crossbows      | 1 2 3 |  3.1
Throwing       | 1 2 3 |  3.1
Armour         | 1 2 3 |  3.1
Stealth        | 1 2 3 |  3.1
Shields        | 1 2 3 |  3.1
Evocations     | 1 2 3 |  3.1
Conjurations   | 1 2 |  2.5
Hexes          | 1 2 |  2.5
Summonings     | 1 2 |  2.5
Necromancy     | 1 2 |  2.5
Translocations | 1 2 |  2.5
Fire Magic     | 1 2 |  2.5
Ice Magic      | 1 2 |  2.5
Air Magic      | 1 2 |  2.5
Earth Magic    | 1 2 |  2.5
Poison Magic   | 1 2 |  2.5
Fighting       | 3 4 |  4.0
Transmutations | 4 |  4.6
Dodging        | 5 |  5.5
Unarmed Combat | 7 |  7.3

Action                   |  1- 3 |  4- 6 |  7- 9 || total
-------------------------+-------+-------+-------++-------
Melee: Unarmed           |    23 |     5 |       ||    28
       Kick              |    26 |    27 |    33 ||    86
       Bite              |    19 |    14 |    17 ||    50
       Dagger            |   139 |   164 |   135 ||   438
       Headbutt          |    12 |    25 |    20 ||    57
       Punch             |     2 |     5 |     6 ||    13
Throw: Dart              |       |     5 |     7 ||    12
       Stone             |       |     2 |     3 ||     5
 Cast: Beastly Appendage |    28 |    28 |    17 ||    73
       Wereblood         |       |     8 |     2 ||    10
       Spider Form       |       |     1 |       ||     1
 Stab: Sleeping          |     1 |       |       ||     1
       Paralysed         |       |       |     1 ||     1
Armor: Robe              |    26 |       |       ||    26
       Leather armour    |       |    33 |    25 ||    58
       Skin              |       |     1 |       ||     1
Dodge: Dodged            |   101 |   105 |   122 ||   328

Table legend: (Time is in decaauts)
 A = Elapsed time spent in this place.
 B = Non-inter-level travel time spent in this place.
 C = Inter-level travel time spent in this place.
 D = Time resting spent in this place.
 E = Time spent auto-exploring this place.
 F = Levels seen in this place.
 G = Mean time per level.
                   A        B        C        D        E       F      G
               +--------+--------+--------+--------+--------+-----+--------+
         Total |   8258 |   8106 |    152 |    772 |   5777 |   7 | 1179.7 |
       Dungeon |   8173 |   8021 |    152 |    772 |   5732 |   6 | 1362.2 |
        Temple |     84 |     84 |      0 |      0 |     45 |   1 |   84.0 |
               +--------+--------+--------+--------+--------+-----+--------+

Top non-repeatable levels by time:
     D:5: 2488 daAuts
     D:1: 1434 daAuts
     D:4: 1276 daAuts
     D:2: 1151 daAuts
     D:3: 1129 daAuts
     D:6: 694 daAuts
  Temple: 84 daAuts
